 Dungeon Crawl Stone Soup version 0.19.4-10-g532645f (webtiles) character file.

14954 grophax the Basher (level 12, -2/70 HPs)
             Began as a Gargoyle Earth Elementalist on Feb 26, 2017.
             Was an Elder of Vehumet.
             Slain by an eight-headed hydra (3 damage)
             ... on level 12 of the Dungeon.
             The game lasted 02:20:53 (19760 turns).

grophax the Basher (Gargoyle Earth Elementalist)   Turns: 19760, Time: 02:20:53

Health: -2/70      AC: 23    Str: 10    XL:     12   Next: 21%
Magic:  20/23      EV: 15    Int: 18    God:    Vehumet [****..]
Gold:   551        SH:  0    Dex: 16    Spells: 10 memorised, 1 level left

rFire  . . .     SeeInvis .     x - +4 mace (protect)
rCold  + . .     Gourm    .     W - +0 leather armour
rNeg   + . .     Faith    .     (no shield)
rPois  ∞         Spirit   .     R - +0 helmet
rElec  +         Reflect  .     y - +1 cloak
rCorr  .         Harm     .     h - +0 pair of gloves "Ykeniotipt" {rPois rC+ Regen+ Str-5 Slay+3}
MR     .....                    (no boots)
Stlth  +++.......               (no amulet)
                                b - +6 ring of dexterity
                                (no ring)

@: protection aura
A: negative energy resistance 1, electricity resistance, unbreathing,
petrification resistance, rot immunity, AC +8
a: Renounce Religion


You were on level 12 of the Dungeon.
You worshipped Vehumet.
Vehumet was greatly pleased with you.
You were hungry.

You visited 2 branches of the dungeon, and saw 13 of its levels.

You collected 551 gold pieces.

Inventory:

Hand Weapons
 c - a +0 short sword
 o - a +1 dagger of speed
 p - a +0 club
 t - a +0 club
 x - a +4 mace of protection (weapon)
 z - a +0 dagger
 A - a +0 whip
 E - a cursed -3 whip
 H - a +0 whip
 Q - a +0 dagger of venom
 S - a +3 long sword
Missiles
 i - 2 throwing nets
 j - 13 poisoned needles
 n - 101 stones (quivered)
 B - 6 silver javelins
Armour
 h - the +0 pair of gloves "Ykeniotipt" (worn) {rPois rC+ Regen+ Str-5 Slay+3}
   (You acquired it on level 5 of the Dungeon)

   It affects your strength (-5).
   It affects your accuracy and damage with ranged weapons and melee attacks
   (+3).
   It protects you from cold.
   It protects you from poison.
   It increases your rate of regeneration.
 y - a +1 cloak (worn)
 R - a +0 helmet (worn)
 W - a +0 leather armour (worn)
Jewellery
 b - a +6 ring of dexterity (right hand)
Wands
 C - a wand of polymorph (13/24)
 L - a wand of digging (20/24)
 U - a wand of flame (38/48)
Scrolls
 k - 2 scrolls of identify
 q - a scroll of immolation
 u - 2 scrolls of recharging
 w - 2 scrolls of magic mapping
 G - 2 scrolls of summoning {unknown}
 I - a scroll of teleportation
 N - 2 scrolls of enchant armour
 P - a scroll of random uselessness
 V - 7 scrolls of remove curse
 Y - a scroll of amnesia
Potions
 a - a potion of flight {unknown}
 l - 2 potions of curing
 m - a potion of agility
 s - 3 potions of haste
 D - a potion of mutation {unknown}
 F - a potion of beneficial mutation {unknown}
 K - 2 potions of cancellation {unknown}
 M - a potion of lignification
Books
 e - a book of Geomancy

   Spells                             Type                      Level
   a - Sandblast                      Earth                        1
   b - Passwall                       Transmutation/Earth          2
   c - Stone Arrow                    Conjuration/Earth            3
   d - Petrify                        Transmutation/Earth          4
   e - Lee's Rapid Deconstruction     Earth                        5
 g - a book of Battle

   Spells                             Type                      Level
   a - Infusion                       Charms                       1
   b - Shroud of Golubria             Charms/Translocation         2
   c - Song of Slaying                Charms                       2
   d - Spectral Weapon                Hexes/Charms                 3
   e - Regeneration                   Charms/Necromancy            3
 r - a book of Misfortune

   Spells                             Type                      Level
   a - Confusing Touch                Hexes                        1
   b - Confuse                        Hexes                        3
   c - Gell's Gravitas                Hexes/Translocation          3
   d - Petrify                        Transmutation/Earth          4
   e - Metabolic Englaciation         Hexes/Ice                    5
   f - Yara's Violent Unravelling     Hexes/Transmutation          5
 J - a book of Conjurations

   Spells                             Type                      Level
   a - Magic Dart                     Conjuration                  1
   b - Searing Ray                    Conjuration                  2
   c - Dazzling Spray                 Conjuration/Hexes            3
   d - Fulminant Prism                Conjuration/Hexes            4
   e - Iskenderun's Mystic Blast      Conjuration                  4
   f - Iskenderun's Battlesphere      Conjuration/Charms           5
 O - the Handbook of Weightlessness and the Blaze
   (You found it on level 11 of the Dungeon)

   Spells                             Type                      Level
   a - Throw Flame                    Conjuration/Fire             2
   b - Conjure Flame                  Conjuration/Fire             3
   c - Mephitic Cloud                 Conjuration/Poison/Air       3
   d - Ignite Poison                  Fire/Transmutation/Poison    3
   e - Tornado                        Air                          9
Miscellaneous
 T - a phantom mirror
Comestibles
 d - 7 bread rations
 v - 4 meat rations
 X - a chunk of flesh


   Skills:
 + Level 6.0 Fighting
 - Level 2.0 Short Blades
 * Level 11.1 Maces & Flails
 + Level 3.6 Armour
 + Level 6.0 Dodging
 - Level 4.6 Stealth
 + Level 7.5 Spellcasting
 + Level 5.5 Conjurations
 + Level 0.7 Transmutations
 + Level 0.5 Air Magic
 + Level 9.4 Earth Magic
 + Level 0.3 Evocations


You had one spell level left.
You knew the following spells:

 Your Spells              Type           Power        Failure   Level  Hunger
a - Magic Dart            Conj           ####         1%          1    None
b - Searing Ray           Conj           ####..       1%          2    None
c - Stone Arrow           Conj/Erth      ####..       1%          3    #......
d - Sandblast             Erth           #####.       1%          1    None
e - Lee's Rapid Deconstr  Erth           #####.....   2%          5    #####..
f - Passwall              Tmut/Erth      ####......   2%          2    None
g - Confuse               Hex            #.......     47%         3    #......
h - Inner Flame           Hex/Fire       #.......     14%         3    #......
i - Shock                 Conj/Air       ###.         1%          1    None
j - Sticky Flame          Conj/Fire      ###.....     13%         4    ###....


Dungeon Overview and Level Annotations

Branches:
Dungeon (12/15)            Temple (1/1) D:6            Lair (0/6) D:8
    Orc: D:9-12

Altars:
Ashenzari
Cheibriados
Dithmenos
Elyvilon
Fedhas
Gozag
Hepliaklqana
Kikubaaqudgha
Makhleb
Nemelex Xobeh
Okawaru
Qazlal
Ru
Sif Muna
Trog
Uskayaw
Vehumet
Xom
Yredelemnul
Zin
The Shining One

Shops:
D:11 *

Annotations:
D:11 shop


Innate Abilities, Weirdness & Mutations

You are resistant to torment.
Your stone body is resilient. (AC +8)
You are immune to poison.
You resist negative energy. (rN+)
You are resistant to electric shocks. (rElec)
You can survive without breathing.
You are immune to petrification.
You are immune to rotting.


Message History

The eight-headed hydra bites you but does no damage. x2
The eight-headed hydra bites you!
Press: ? - help, v - describe, . - travel
Here: an eight-headed hydra (severely wounded, inner flame)
The floor.
Casting: Searing Ray
Confirm with . or Enter, or press ? or * to list all spells.
Okay, then.
You hit the eight-headed hydra.
The eight-headed hydra is severely wounded.
The eight-headed hydra bites you! x2
* * * LOW HITPOINT WARNING * * *
The eight-headed hydra completely misses you.
The eight-headed hydra bites you!
* * * LOW HITPOINT WARNING * * *
The eight-headed hydra closely misses you.
The eight-headed hydra bites you!
* * * LOW HITPOINT WARNING * * *
The eight-headed hydra bites you.
You die...

+........#
#........#
#.<......#
#........#
####.....####
#........#
#........##
#.........#
#####...#####@#
........# #D#
........# #.#
........# #.#
........# #.#
........# #.#
####....# #.#
#..........#
#........###


You could see an eight-headed hydra (inner flame).

Vanquished Creatures
  2 unseen horrors (D:11)
  A wizard (D:11)
  Pikel (D:8)
  2 hill giants (D:11)
  2 deep elf magi (D:11)
  2 ugly things (D:11)
  Maurice (D:8)
  A kobold demonologist (D:11)
  4 hippogriffs
  2 wyverns (D:10)
  A spriggan (D:7)
  A fire elemental (D:11)
  11 yaks
  A hungry ghost (D:8)
  Menkaure (D:6)
  A mottled dragon (D:11)
  A water moccasin (D:10)
  An eye of draining (D:10)
  3 necrophages
  3 orc warriors
  A phantom (D:7)
  2 sky beasts
  5 ice beasts
  2 black bears
  5 ogres
  6 centaurs
  4 big kobolds
  5 bullfrogs
  2 gnoll sergeants
  A water moccasin zombie (D:5)
  A scorpion (D:6)
  14 killer bees
  5 howler monkeys
  4 wights (D:11)
  A jelly (D:9)
  6 crimson imps
  A quasit (D:11)
  5 hounds
  5 orc priests
  2 bullfrog skeletons
  2 centaur skeletons
  Ijyb (D:2)
  Natasha (thrice) (D:2)
  3 iguanas
  7 orc wizards
  10 worker ants
  A hound zombie (D:9)
  A hound skeleton (D:8)
  A worker ant zombie (D:7)
  Robin (D:4)
  A howler monkey skeleton (D:5)
  13 adders
  9 gnolls
  5 shadow imps
  An ooze (D:2)
  An adder zombie (D:8)
  4 worms
  5 dart slugs
  7 leopard geckos
  28 orcs
  12 bats
  7 giant cockroaches
  19 goblins
  16 hobgoblins
  14 jackals
  22 kobolds
  3 quokkas
  A ball python (D:2)
  8 frilled lizards
  9 rats
334 creatures vanquished.

Vanquished Creatures (others)
  A wizard (D:11)
  An orc warrior (D:8)
  2 slaves (D:8)
  A scorpion (D:8)
  An orc priest (D:8)
  2 orc wizards (D:8)
  3 gnolls (D:8)
  An orc (D:8)
12 creatures vanquished.

Grand Total: 346 creatures vanquished

Notes
Turn   | Place    | Note
-------+----------+-------------------------------------------
     0 | D:1      | grophax the Gargoyle Earth Elementalist began the quest for the Orb.
     0 | D:1      | Reached XP level 1. HP: 10/10 MP: 3/3
   485 | D:1      | Reached XP level 2. HP: 12/15 MP: 1/5
   489 | D:1      | Learned a level 2 spell: Passwall
   930 | D:1      | Reached XP level 3. HP: 17/19 MP: 1/6
  1878 | D:2      | Noticed Natasha
  1884 | D:2      | Learned a level 3 spell: Stone Arrow
  2304 | D:3      | Reached XP level 4. HP: 24/24 MP: 1/8
  3268 | D:2      | Noticed Ijyb
  3538 | D:2      | Killed Ijyb
  3538 | D:2      | Reached skill level 5 in Earth Magic
  3538 | D:2      | Reached XP level 5. HP: 28/28 MP: 5/9
  3543 | D:2      | Killed Natasha
  3543 | D:2      | Reached skill level 1 in Maces & Flails
  3557 | D:2      | Noticed Natasha
  3637 | D:2      | Killed Natasha
  4042 | D:2      | Noticed Natasha
  4156 | D:2      | Killed Natasha
  4156 | D:2      | Reached skill level 1 in Fighting
  4156 | D:2      | Reached XP level 6. HP: 32/34 MP: 11/11
  5784 | D:3      | Reached skill level 2 in Maces & Flails
  5976 | D:4      | Noticed Robin
  5985 | D:4      | Killed Robin
  6965 | D:5      | Entered Level 5 of the Dungeon
  6980 | D:5      | Reached skill level 1 in Conjurations
  6980 | D:5      | Reached XP level 7. HP: 37/38 MP: 12/12
  7000 | D:5      | Reached skill level 3 in Maces & Flails
  8126 | D:5      | Noticed a hippogriff
  8154 | D:5      | Killed a hippogriff
  8154 | D:5      | Reached skill level 4 in Maces & Flails
  8154 | D:5      | Reached XP level 8. HP: 31/45 MP: 1/14
  8749 | D:5      | Identified a scroll of acquirement
  8750 | D:5      | Got a pair of faintly humming gloves
  8756 | D:5      | Identified the +0 pair of gloves "Ykeniotipt" {rPois rC+ Regen+ Str-5 Slay+3} (You acquired it on level 5 of the Dungeon)
  8835 | D:5      | Reached skill level 1 in Short Blades
  9385 | D:6      | Found a staircase to the Ecumenical Temple.
  9395 | D:6      | Noticed Menkaure
  9402 | D:6      | Killed Menkaure
 10107 | D:6      | Reached skill level 5 in Spellcasting
 10193 | Temple   | Entered the Ecumenical Temple
 10266 | Temple   | Became a worshipper of Vehumet
 10750 | D:6      | Reached XP level 9. HP: 44/50 MP: 16/16
 11071 | D:7      | Reached skill level 5 in Maces & Flails
 11878 | D:7      | Reached * piety under Vehumet
 11878 | D:7      | Offered knowledge of Shock by Vehumet.
 11881 | D:7      | Learned a level 1 spell: Shock
 11996 | D:7      | Reached skill level 6 in Maces & Flails
 12170 | D:7      | Learned a level 5 spell: Lee's Rapid Deconstruction
 12527 | D:8      | Noticed Pikel
 12593 | D:8      | Found a staircase to the Lair.
 12871 | D:8      | Reached XP level 10. HP: 57/57 MP: 13/18
 13136 | D:8      | Killed Pikel
 13136 | D:8      | Reached skill level 7 in Maces & Flails
 13202 | D:8      | Noticed Maurice
 13233 | D:8      | Paralysed by fainting for 12 turns
 13259 | D:8      | Killed Maurice
 14054 | D:9      | Offered knowledge of Searing Ray by Vehumet.
 14064 | D:9      | Learned a level 2 spell: Searing Ray
 14314 | D:9      | Reached ** piety under Vehumet
 14329 | D:9      | Reached skill level 8 in Maces & Flails
 14639 | D:9      | Found a sparkling altar of Nemelex Xobeh.
 14963 | D:10     | Entered Level 10 of the Dungeon
 15060 | D:10     | Reached skill level 5 in Fighting
 15231 | D:10     | Learned a level 3 spell: Confuse
 15332 | D:10     | Reached skill level 5 in Dodging
 15332 | D:10     | Reached XP level 11. HP: 59/63 MP: 0/21
 15487 | D:10     | Reached skill level 9 in Maces & Flails
 15759 | D:10     | Reached skill level 1 in Armour
 15762 | D:10     | Offered knowledge of Inner Flame by Vehumet.
 15770 | D:10     | Learned a level 3 spell: Inner Flame
 15924 | D:10     | Learned a level 1 spell: Magic Dart
 16520 | D:11     | Noticed a deep elf mage
 16530 | D:11     | Killed a deep elf mage
 16544 | D:11     | Reached skill level 5 in Conjurations
 16723 | D:11     | Killed an unseen horror
 16908 | D:11     | Reached *** piety under Vehumet
 17117 | D:11     | Noticed a deep elf mage
 17246 | D:11     | Noticed a green ugly thing
 17270 | D:11     | Killed a green ugly thing
 17270 | D:11     | Reached skill level 10 in Maces & Flails
 17304 | D:11     | Killed a deep elf mage
 17377 | D:11     | Noticed a wizard
 17377 | D:11     | Noticed a wizard
 17380 | D:11     | Paralysed by a wizard for 4 turns
 17391 | D:11     | Killed a wizard
 17403 | D:11     | Killed a wizard
 17468 | D:11     | Identified the Handbook of Weightlessness and the Blaze
 17510 | D:11     | Found Ruud's General Store.
 18086 | D:11     | Noticed a hill giant
 18098 | D:11     | Killed a hill giant
 18170 | D:11     | Noticed a brown ugly thing
 18196 | D:11     | Killed an unseen horror
 18196 | D:11     | Offered knowledge of Sticky Flame by Vehumet.
 18233 | D:11     | Killed a brown ugly thing
 18233 | D:11     | Reached XP level 12. HP: 39/69 MP: 23/23
 18359 | D:11     | Learned a level 4 spell: Sticky Flame
 18539 | D:11     | Reached skill level 11 in Maces & Flails
 19439 | D:12     | Reached **** piety under Vehumet
 19703 | D:12     | Noticed an eight-headed hydra
 19760 | D:12     | HP: 1/70 [eight-headed hydra (7)]
 19760 | D:12     | Slain by an eight-headed hydra

Skill      XL: |  1  2  3  4  5  6  7  8  9 10 11 12 |
---------------+-------------------------------------+-----
Earth Magic    | 4 5 6 7 8 9 |  9.4
Spellcasting   | 3 4 5 6 7 |  7.5
Maces & Flails | 1 2 4 6 8 10 11 | 11.1
Fighting       | 1 2 3 4 5 6 |  6.0
Stealth        | 3 4 |  4.6
Dodging        | 2 3 4 5 6 |  6.0
Conjurations   | 1 3 4 5 |  5.5
Short Blades   | 2 |  2.0
Armour         | 3 |  3.6
Transmutations | |  0.7
Air Magic      | |  0.5
Evocations     | |  0.3

Action                   |  1- 3 |  4- 6 |  7- 9 | 10-12 || total
-------------------------+-------+-------+-------+-------++-------
Melee: Mace              |     6 |   257 |   230 |   515 ||  1008
       Unarmed           |     2 |       |       |       ||     2
       Dagger            |       |       |    96 |       ||    96
 Cast: Sandblast         |    68 |    34 |    28 |    24 ||   154
       Stone Arrow       |     1 |    25 |    81 |    79 ||   186
       Shock             |       |       |     1 |    32 ||    33
       Magic Dart        |       |       |       |    79 ||    79
       Searing Ray       |       |       |       |     8 ||     8
       Inner Flame       |       |       |       |     1 ||     1
Evoke: Wand              |       |       |       |     3 ||     3
  Use: Scroll            |     5 |     5 |     6 |     9 ||    25
       Potion            |       |       |     8 |     7 ||    15
 Stab: Sleeping          |       |     1 |     5 |       ||     6
  Eat: Chunk             |     4 |    19 |    14 |    20 ||    57
       Beef jerky        |       |       |     2 |     2 ||     4
       Meat ration       |       |       |     1 |       ||     1
       Royal jelly       |       |       |     1 |     1 ||     2
       Fruit             |       |       |     2 |       ||     2
Armor: Robe              |    13 |   157 |   157 |   103 ||   430
       Skin              |       |       |    29 |     9 ||    38
       Leather armour    |       |       |       |   243 ||   243
Dodge: Dodged            |    23 |   224 |   235 |   429 ||   911
